 Dungeon Crawl Stone Soup version 0.30-a0-743-gbfdf073431 (webtiles) character file.

Game seed: 5622400036831696183

2 M4edhros the Sneak (level 1, -1/13 (16) HPs)
             Began as an Octopode Delver on Feb 6, 2023.
             Slain by a necrophage (7 damage)
             ... on level 5 of the Dungeon.
             The game lasted 00:00:22 (49 turns).

M4edhros the Sneak (Octopode Delver)                  Turns: 49, Time: 00:00:23

HP:   -1/13 (16)    AC:  1    Str: 11    XL:     1   Next: 30%
MP:   1/1           EV: 13    Int: 12    God:
Gold: 0             SH:  0    Dex: 13    Spells: 0/0 levels left

rFire   . . .      SeeInvis .      - Unarmed
rCold   . . .      Faith    .    (no shield)
rNeg    . . .      Spirit   .    (helmet restricted)
rPois   .          Reflect  .    (no amulet)
rElec   .          Harm     .    (no ring)
rCorr   .          Rampage  .    (no ring)
Will    .....                    (no ring)
Stlth   ++++                     (no ring)
HPRegen 0.22/turn                (no ring)
MPRegen 0.07/turn                (no ring)
                                 (no ring)
                                 (no ring)

@: heavily drained
A: almost no armour, amphibious, 8 rings, camouflage 1, gelatinous body 1,
(nimble swimmer 1), tentacles
a: no special abilities


You were on level 5 of the Dungeon.
You visited 1 branch of the dungeon, and saw 2 of its levels.

Inventory:

Wands
 e - a wand of digging (3)
Scrolls
 a - a scroll of fog
 b - a scroll of magic mapping
 c - a scroll of fear
 f - a scroll of butterflies {unknown}
Potions
 d - a potion of haste


   Skills:
 - Level 3.0 Fighting
 - Level 2.0 Dodging
 - Level 6.6 Stealth
 + Level 2.2 Unarmed Combat


You couldn't memorise any spells.
You didn't know any spells.
Your spell library was empty.

Dungeon Overview and Level Annotations

Branches:
Dungeon (6/15)
 Temple: D:4-7

Altars:


Innate Abilities, Weirdness & Mutations

You cannot wear most types of armour.
You are amphibious.
You can wear up to eight rings at the same time.
Your skin changes colour to match your surroundings (Stealth+).
Your rubbery body absorbs attacks. (AC +1, EV +1)
((You are camouflaged when in or above water. (Stealth+)))
You have tentacles for arms and can constrict up to eight enemies at once.


Message History

Found a tubular silver ring.
An adder comes into view.
You see here a scroll labelled SUGRUGEPOF.
f - a scroll labelled SUGRUGEPOF A necrophage comes into view.
Found a runed dagger.
You barely miss the necrophage. You grab the necrophage.
You constrict the necrophage, but do no damage.
The necrophage hits you.
You feel drained.
You tentacle-slap the necrophage but do no damage.
You squeeze the necrophage!
The necrophage is moderately damaged.
You constrict the necrophage. The necrophage misses you.
You tentacle-slap the necrophage but do no damage.
You squeeze the necrophage.
The necrophage is heavily damaged.
You constrict the necrophage. The necrophage barely misses you.
You tentacle-slap the necrophage but do no damage.
The necrophage is heavily damaged.
You constrict the necrophage. The necrophage misses you.
You tentacle-slap the necrophage.
The necrophage is severely damaged.
You constrict the necrophage, but do no damage.
The necrophage closely misses you.
You tentacle-slap the necrophage but do no damage.
The necrophage is severely damaged.
You constrict the necrophage. The necrophage hits you.
You feel drained.
You tentacle-slap the necrophage but do no damage.
You squeeze the necrophage, but do no damage.
The necrophage is severely damaged.
You constrict the necrophage. The necrophage closely misses you.
You tentacle-slap the necrophage but do no damage.
The necrophage is almost destroyed.
You constrict the necrophage. The necrophage hits you.
You feel drained.
You tentacle-slap the necrophage.
The necrophage is almost destroyed.
You constrict the necrophage, but do no damage.
The necrophage hits you!
Ouch! That really hurt!
You die...

.#.#...#.#.#......##..#
#.#.##........##.... ..
.# #.............. #..
.# ##.....##....#.. #.
## #......####.## #
#.......##....
####..........
##n#...... #@........
##......#. #######.. #


You could see a necrophage.

Vanquished Creatures
  An orc (D:5)
1 creature vanquished.

Notes
Turn   | Place    | Note
-------+----------+-------------------------------------------
     0 | D:5      | M4edhros the Octopode Delver began the quest for the Orb.
     0 | D:5      | Reached XP level 1. HP: 16/16 MP: 1/1
     1 | D:6      | Noticed an orc wizard
     1 | D:6      | Noticed an orc wizard
     1 | D:6      | Noticed a scorpion
    13 | D:5      | Noticed an ogre
    24 | D:5      | Noticed a necrophage
    49 | D:5      | Slain by a necrophage

Illustrated notes

Levels and vault maps discovered:
D:5:      nicolae_cairo_tiling_large_dashed, layout_cave_pools,
          minmay_overflow_temple_star_quad, uniq_sigmund
D:6:      layout_basic, dk_yredelemnul_ordeal, hangedman_decor_growths

Action                     || total
---------------------------++-------
  Melee: Unarmed           ||    12
         Tentacles         ||     4
         Constrict         ||     2
  Dodge: Dodged            ||     6

Table legend: (Time is in decaauts)
 A = Elapsed time spent in this place.
 B = Non-inter-level travel time spent in this place.
 C = Inter-level travel time spent in this place.
 D = Time resting spent in this place.
 E = Time spent auto-exploring this place.
 F = Levels seen in this place.
 G = Mean time per level.
                   A        B        C        D        E       F      G
               +--------+--------+--------+--------+--------+-----+--------+
         Total |     48 |     48 |      0 |      0 |      0 |   2 |   24.0 |
       Dungeon |     48 |     48 |      0 |      0 |      0 |   2 |   24.0 |
               +--------+--------+--------+--------+--------+-----+--------+

Top non-repeatable levels by time:
     D:5: 47 daAuts
     D:6: 1 daAuts
